Thistle, neutral female sylph Wizard ----------------------------------------------------------------------------- |.|^............c...| | ^ ^ | | | | | |.|.---.-----.....-.- ----- | ------------- --- --- ----- | | --- | --------| |..^|...|...|....... | | | ^ | | | | | | | | | |.---.|.|.|.--..VX..----- | --- ------------- |-- |---- | --| | | | ------- | |.|...|...|..>..qgcTw.Y | | | | | | | | | | | | | | |.-.---------..O_P(.QX. | ------| }}}}}}} | --| --| --------- | | ----- | | | |...........|...`H%@qEVV. | | }}---}} | | | | | | | | |----------.|.|.DP.P%Y@..E| --- | }--^--} |-- | | | | ------------------| | | |.............|....T|ghV. | | }|^^^|} | | | |^| | | ^| | |.-.---.|.------DE|D---L------- | }--^--} ----- | --- --- | | ------- --- | |...|.|.|.|.......|. | | | }}---}} | | | | | | | |.-.|.|.|.|.-.-.---.--- --- | --- }}}}}}} --- ------- |---| ----- --- ------| |.|.|.| |.....| | | | | | | | | | | | | |.|.|.-------.- |---| --| ----------- | ------| | | --- | | | | ----------- | |...|...|`.*%.| | | | ^ | | | | | | | | | | | | | | |.-...|.---.|%| | | --- --- | | --- ----- | | | | | | --- --- |---------- | | |.....|.....|.| | ^| | | | | | | | ----------------------------------------------------------------------------- Thistle the Enchantress Experience level: 14 Strength: 15 Dexterity: 17 Constitution: 16 Intelligence: 24 Wisdom: 25 Charisma: 16 Health: 0(106) Energy: 51(157) Def: 27 Gold: 0 Moves: 54328 Dungeon seed: H5dQgYm5JlQH18Kw Game ID: Thistle_1487335215 Your Inventory: Amulets k - the blessed Eye of the Aethiopica I - an uncursed amulet of reflection (being worn) Weapons t - the blessed rustproof +7 Magicbane (weapon in hand) M - a blessed +1 quarterstaff (alternate weapon; not wielded) Armor i - a blessed very burnt +4 small shield (being worn) j - a blessed +5 cornuthaum (being worn) n - an uncursed +0 pair of leather gloves K - a blessed greased fireproof +5 cloak of magic resistance (being worn) N - a blessed +5 Hawaiian shirt (being worn) Comestibles a - 5 uncursed figues Rings d - an uncursed ring of slow digestion (on left hand) Wands G - a wand of lightning (0:7) Tools e - a -2 unicorn horn l - a blessed magic lamp o - an uncursed skeleton key q - a blessed stethoscope z - a blessed bag of holding Q - an uncursed towel Gems y - a blessed luckstone Contents of the bag of holding: 2 uncursed agates 2 uncursed ambers 9 uncursed amethysts 3 uncursed aquamarines 3 uncursed black opals 2 uncursed chrysoberyls 3 uncursed diamonds an uncursed dilithium crystal 4 uncursed emeralds 6 uncursed fluorites 8 uncursed jades an uncursed jasper 2 uncursed jets 3 uncursed obsidians 5 uncursed opals 5 uncursed rubies an uncursed sapphire 2 uncursed topazes 5 uncursed turquoises Spells and supernatural/magical abilities: Name Level Category Fail Memory a - force bolt 1 attack 0% 52% c - cause fear 3 enchantment 0% 52% d - dig 2 matter 0% 88% e - charm monster 5 enchantment 0% 54% f - fireball 4 attack 0% 38% h - healing 1* healing 0% 0% i - invisibility 4 escape 0% 4% j - jumping 1* escape 0% 0% k - knock 1 matter 0% 54% l - light 1 divination 0% 54% m - magic missile 2 attack 0% 54% n - detect monsters 1 divination 0% 31% o - cone of cold 4 attack 0% 38% p - protection 1* clerical 0% 0% r - remove curse 3* clerical 0% 0% s - slow monster 1* enchantment 0% 0% u - confuse monster 2 enchantment 0% 4% w - wizard lock 2* matter 0% 0% x - extra healing 3 healing 0% 31% z - sleep 2 enchantment 0% 52% B - cure blindness 2* healing 0% 0% C - cancellation 7* matter 61% 0% D - drain life 3* attack 0% 0% E - detect food 2* divination 0% 0% F - finger of death 7* attack 61% 0% H - haste self 3 escape 0% 54% I - identify 3 divination 0% 31% K - cure sickness 3* healing 0% 0% L - levitation 4 escape 0% 88% M - magic mapping 5 divination 0% 88% O - create monster 2 clerical 0% 78% P - polymorph 6 matter 36% 69% R - restore ability 4* healing 20% 0% S - stone to flesh 3* healing 0% 0% T - turn undead 4 clerical 20% 83% W - pray for help -- divine ? -- Your skills at the end: Miscellaneous Skills wands [Skilled] Weapon Skills dagger [Basic] quarterstaff [Basic] Spellcasting Skills attack spells [Skilled] healing spells [Basic] divination spells [Skilled] enchantment spells [Skilled] clerical spells [Basic] escape spells [Skilled] matter spells [Skilled] Final Attributes: You were the Envoy of Balance. You were piously aligned. You were fire resistant. You were cold resistant. You were sleep resistant. You were shock resistant. You were poison resistant. You were magic-protected. You were confused. Your writing hand was a little cramped from use. You saw invisible. You were clairvoyant. You had infravision. You were displaced. You were very stealthy. You had slower digestion. You were protected. You were protected from shape changers. You had reflection. You were extremely lucky. You had extra luck. Good luck did not time out for you. You are dead. Vanquished creatures: Asmodeus Orcus Yeenoghu 2 arch-liches Vlad the Impaler Medusa Croesus 17 iron golems 2 master liches a gray dragon a silver dragon 7 red dragons 3 white dragons 4 black dragons 6 blue dragons 2 green dragons a yellow dragon 3 storm giants 3 titans 3 deep ettins 2 glass golems 3 balrogs 6 purple worms 19 minotaurs 4 jabberwocks The Dark One 3 baluchitheria a young gray dragon 4 young red dragons a young white dragon 5 young black dragons 3 young blue dragons 3 demiliches 3 stone golems 4 master mind flayers 5 Olog-hai a Nazgul 9 pit fiends 3 sandestins a hell hound 6 titanotheres 6 trappers a baby silver dragon a baby white dragon 2 baby orange dragons 2 gryphons 4 disenchanters 16 vampire lords 6 shades 5 skeletons a shopkeeper a prisoner 7 captains 5 liches 2 clay golems 7 nurses 14 ice devils 3 nalfeshnees a lurker above an Aleax 2 frost giants 3 golden nagas 2 black puddings 27 vampires 22 ghosts 5 ettins 5 lieutenants a queen bee 6 winged gargoyles 4 mind flayers 11 giant mimics 4 fire giants 8 ogre kings 4 Elvenkings 5 ice trolls 21 rock trolls 7 umber hulks 5 flesh golems 9 doppelgangers 21 hezrous 18 bone devils 2 salamanders 16 large mimics 4 wumpuses 2 baby purple worms 4 long worms 5 couatls 18 stalkers 2 air elementals 5 fire elementals a water elemental 2 hill giants 5 giant mummies 5 elf-lords 7 xorns 10 giant zombies 30 sergeants 16 vrocks 26 wargs 8 winter wolves 6 hell hound pups 15 quantum mechanics 32 small mimics 4 island nymphs 5 glass piercers 6 warhorses a steam vortex 14 xans 2 ettin mummies 9 ogre lords 10 trolls a sasquatch 7 wood golems 8 mariliths 3 pyrolisks 3 large dogs 6 freezing spheres 12 flaming spheres 8 shocking spheres 2 large cats 10 tigers 8 gargoyles 3 dwarf kings 17 tengu 8 gelatinous cubes 10 ochre jellies 4 crocodiles 9 chameleons 16 leocrottas 2 energy vortices 7 mountain centaurs 2 giants 9 elf mummies 9 human mummies 4 red nagas 4 green slimes 17 Grey-elves 2 pit vipers a python 6 cobras 38 wraiths 20 ettin zombies 2 leather golems 120 soldiers 8 succubi 3 incubi 6 giant beetles 20 cockatrices 27 wolves 5 winter wolf cubs 6 black lights 5 lynxes 9 panthers 17 gremlins 33 leprechauns 7 quivering blobs 6 spotted jellies 18 lizards 10 mountain nymphs 10 orc-captains 6 mumakil 15 giant spiders 6 scorpions 9 iron piercers 4 horses 3 ice vortices 76 vampire bats 5 forest centaurs 5 gnome kings 3 orc mummies 6 dwarf mummies 13 ogres 9 brown puddings 11 Green-elves 8 rust monsters 11 owlbears 11 yetis 3 gold golems 15 werewolves 12 piranhas 5 giant eels 7 chickatrices a dog 3 dingos 4 housecats 5 jaguars 9 dwarf lords 3 blue jellies 12 water nymphs 8 white unicorns a gray unicorn 6 black unicorns 5 dust vortices 43 ravens 4 plains centaurs 4 gnome mummies 22 Woodland-elves 9 snakes a water moccasin 9 apes 20 human zombies 3 rope golems 23 soldier ants 10 fire ants 15 yellow lights 29 bugbears 7 imps 15 quasits 4 baby crocodiles 8 wood nymphs 27 Mordor orcs 25 Uruk-hai 11 orc shamans 10 rock moles 7 rock piercers 3 ponies 8 fog clouds 6 shriekers 5 violet fungi 19 gnome lords 8 gnomish wizards 2 red naga hatchlings 2 black naga hatchlings 2 golden naga hatchlings 5 guardian naga hatchlings 4 gray oozes 6 barrow wights 29 elf zombies 10 ghouls 3 straw golems 4 paper golems 3 jellyfish 17 giant ants 3 puppies 8 floating eyes 5 kittens 23 dwarves 12 homunculi 4 kobold lords 10 kobold shamans 12 iguanas 56 hill orcs 21 rothes 6 rabid rats 7 centipedes 12 jitterbugs 12 giant bats 3 monkeys 13 orc zombies 12 dwarf zombies 3 wererats 5 werejackals 40 killer bees 6 coyotes 9 gas spores 8 hobbits 7 acid blobs 10 large kobolds 15 geckos 35 hobgoblins 12 giant rats 21 cave spiders 6 brown molds 10 yellow molds 7 green molds 4 red molds 50 gnomes 15 garter snakes 23 manes 16 gnome zombies 17 jackals 7 foxes 6 kobolds 20 newts 25 goblins 7 sewer rats 23 grid bugs 10 bats 20 lichens 16 kobold zombies 2677 creatures vanquished. Genocided or extinct species: soldiers (extinct) 1 species extinct. Voluntary challenges: You were vegetarian. You did not eat until turn 3953. You had followed a strict vegan diet until turn 4219. You were not invisible. You used a wielded weapon 1587 times, starting on turn 169. You did not use sinks. You read items or engraved 768 times, starting on turn 91. You never genocided any monsters. You polymorphed 1609 items, starting on turn 24413. You never changed form. You cheated 1 time but completed Sokoban on turn 9187. You used no wishes. You split 3 puddings, starting on turn 26302. You wrote Elbereth's name 20 times, starting on turn 91. You violated your moral code, losing 10 points of alignment, starting on turn 15690. Dungeon overview: The Dungeons of Doom: levels 1 to 28 Level 1 a fountain a long staircase Level 2 a scroll shop, a fountain stairs to The Gnomish Mines Level 3 Level 4 a fountain Level 5 many fountains Level 6 some fountains, a throne stairs to Sokoban Level 7 a general store, a fountain Level 8 some fountains, a throne Level 9 Level 10 an altar to Thoth, a throne Level 11 portal to The Quest Level 12 a fountain Level 13 Level 14 Level 15 Level 16 Level 17 a delicatessen, a fountain portal to Fort Ludios Level 18 a potion shop, some fountains Level 19 Level 20 Level 21 Level 22 a general store, a sink Level 23 a fountain, many trees Level 24 Level 25 Level 26 Level 27 Level 28 a magic chest, a throne Gehennom: levels 29 to 48 Level 29 a temple to Moloch, a magic chest stairs to The Dungeons of Doom Level 30 Level 31 Level 32 a magic chest, a fountain Level 33 Level 34 Level 35 Level 36 some fountains Level 37 stairs to Vlad's Tower Level 38 Level 39 Level 40 Level 41 a magic chest Level 42 some shops, an altar to Moloch, a magic chest Level 43 a magic chest Level 44 Level 45 portal to Gehennom Level 46 Level 47 Level 48 <- You were here portal to Gehennom The Gnomish Mines: levels 3 to 11 Level 3 stairs to The Dungeons of Doom Level 4 Level 5 Level 6 some shops, a temple to Thoth, a magic chest, some fountains Level 7 Level 8 Level 9 Level 10 Level 11 some altars to Moloch, a magic chest, some fountains The Quest: levels 1 to 6 Level 1 a magic chest, a throne portal to The Dungeons of Doom Level 2 Level 3 Level 4 Level 5 Level 6 a temple to Thoth Sokoban: levels 2 to 5 Level 2 a magic chest Level 3 Level 4 a fountain Level 5 an altar to Thoth, a magic chest stairs to The Dungeons of Doom Fort Ludios: Level 1 a magic chest, a throne portal to The Dungeons of Doom Vlad's Tower: levels 34 to 36 Level 34 a throne Level 35 an altar to Moloch Level 36 stairs to Gehennom History has recorded: On T:1 you entered the Dungeons of Doom to retrieve the Amulet of Yendor! On T:166 you reached level 2 of The Dungeons of Doom. On T:403 you reached level 3 of The Dungeons of Doom. On T:594 you reached level 1 of The Gnomish Mines. On T:781 you prayed to Thoth. On T:892 you advanced to experience level 2. On T:1618 you prayed to Thoth. On T:2123 you advanced to experience level 3. On T:2286 you reached level 2 of The Gnomish Mines. On T:2299 you reached level 3 of The Gnomish Mines. On T:2379 you prayed to Thoth. On T:2506 you reached level 4 of The Gnomish Mines. On T:2542 you entered the Minetown temple On T:2670 you opened a magic chest. On T:2810 you reached level 5 of The Gnomish Mines. On T:2935 you advanced to experience level 4. On T:3041 you prayed to Thoth. On T:3577 you prayed to Thoth. On T:3618 you advanced to experience level 5. On T:3872 you reached level 6 of The Gnomish Mines. On T:4014 you advanced to experience level 6. On T:4133 you reached level 7 of The Gnomish Mines. On T:4140 you prayed to Thoth. On T:4154 you reached level 8 of The Gnomish Mines. On T:4355 you reached level 9 of The Gnomish Mines. On T:4355 you reached the bottom of the Mines. On T:4378 you advanced to experience level 7. On T:4958 you advanced to experience level 8. On T:5920 you advanced to experience level 9. On T:6060 you prayed to Thoth. On T:6581 you reached level 4 of The Dungeons of Doom. On T:6597 you prayed to Thoth. On T:6737 you reached level 5 of The Dungeons of Doom. On T:6951 you reached level 6 of The Dungeons of Doom. On T:7026 you reached level 4 of Sokoban. On T:7092 you reached level 7 of The Dungeons of Doom. On T:7468 you reached level 3 of Sokoban. On T:7886 you prayed to Thoth. On T:7911 you reached level 2 of Sokoban. On T:8540 you reached level 1 of Sokoban. On T:8781 you prayed to Thoth. On T:9187 you entered the Sokoban zoo. On T:9611 you prayed to Thoth. On T:10186 you reached level 8 of The Dungeons of Doom. On T:10262 you reached level 9 of The Dungeons of Doom. On T:10688 you prayed to Thoth. On T:10753 you reached level 10 of The Dungeons of Doom. On T:10845 you reached level 11 of The Dungeons of Doom. On T:11227 you advanced to experience level 10. On T:11275 you reached level 1 of The Quest. On T:11393 you prayed to Thoth. On T:11440 you reached level 12 of The Dungeons of Doom. On T:11822 you advanced to experience level 11. On T:12364 you prayed to Thoth. On T:13179 you reached level 13 of The Dungeons of Doom. On T:13259 you prayed to Thoth. On T:13718 you prayed to Thoth. On T:14160 you reached level 14 of The Dungeons of Doom. On T:14398 you prayed to Thoth. On T:14524 you advanced to experience level 12. On T:14547 you reached level 15 of The Dungeons of Doom. On T:14888 you prayed to Thoth. On T:15108 you reached level 16 of The Dungeons of Doom. On T:15108 you entered the Rogue tribute level. On T:15332 you reached level 17 of The Dungeons of Doom. On T:15467 you reached Fort Ludios. On T:15525 you reached level 18 of The Dungeons of Doom. On T:15579 you prayed to Thoth. On T:15770 you reached level 19 of The Dungeons of Doom. On T:16043 you reached level 20 of The Dungeons of Doom. On T:16170 you reached level 21 of The Dungeons of Doom. On T:16942 you received Magicbane from Thoth. On T:17227 you prayed to Thoth. On T:18519 you reached level 22 of The Dungeons of Doom. On T:18820 you reached level 23 of The Dungeons of Doom. On T:20086 you prayed to Thoth. On T:20369 you advanced to experience level 13. On T:20400 you advanced to experience level 14. On T:20637 you embarked upon an epic quest. On T:20746 you reached level 2 of The Quest. On T:20828 you reached level 3 of The Quest. On T:21311 you reached level 4 of The Quest. On T:21313 you prayed to Thoth. On T:21687 you reached level 5 of The Quest. On T:21813 you reached level 6 of The Quest. On T:22082 you killed Dark One on level 6 of The Quest. On T:22372 you completed the quest! On T:23485 you prayed to Thoth. On T:23511 you killed Medusa on level 23 of The Dungeons of Doom. On T:23516 you reached level 24 of The Dungeons of Doom. On T:23893 you reached level 25 of The Dungeons of Doom. On T:24637 you received Giantslayer from Thoth. On T:25065 you reached level 26 of The Dungeons of Doom. On T:25091 you reached level 27 of The Dungeons of Doom. On T:25702 you reached The Castle. On T:26268 you prayed to Thoth. On T:26727 you received Fire Brand from Thoth. On T:28489 you prayed to Thoth. On T:28492 you were named as the Envoy of Balance! On T:31187 you killed Croesus in Fort Ludios. On T:31246 you prayed to Thoth. On T:33405 you reached The Valley of the Dead. On T:33839 you received Dragonbane from Thoth. On T:35221 you reached level 2 of Gehennom. On T:35535 you reached level 3 of Gehennom. On T:35914 you reached level 4 of Gehennom. On T:37295 you killed Asmodeus on level 4 of Gehennom. On T:37715 you reached level 5 of Gehennom. On T:37823 you reached level 6 of Gehennom. On T:38168 you reached level 7 of Gehennom. On T:38409 you reached level 8 of Gehennom. On T:39051 you reached level 9 of Gehennom. On T:39271 you reached level 3 of Vlad's Tower. On T:39593 you reached level 2 of Vlad's Tower. On T:39732 you reached level 1 of Vlad's Tower. On T:40676 you killed Vlad the Impaler on level 1 of The Dungeons of Doom. On T:41012 you reached level 10 of Gehennom. On T:41198 you reached level 11 of Gehennom. On T:42199 you reached level 12 of Gehennom. On T:42427 you reached level 13 of Gehennom. On T:42822 you killed Yeenoghu on level 1 of Sokoban. On T:43429 you reached level 14 of Gehennom. On T:44680 you received Quickpick from Thoth. On T:47914 you killed Orcus on level 1 of Sokoban. On T:48127 you reached level 15 of Gehennom. On T:48487 you reached level 16 of Gehennom. On T:49071 you reached level 17 of Gehennom. On T:49603 you reached level 18 of Gehennom. On T:50084 you prayed to Thoth. On T:50469 you prayed to Thoth. On T:50762 you prayed to Thoth. On T:51568 you reached level 19 of Gehennom. On T:53285 you reached level 20 of Gehennom. Score breakdown: Gold: 0 ( 0 points) Experience: 14 levels ( 1300 points) Exploration: 48 levels ( 1410 points) Discoveries: 210 items ( 2000 points) Variety of kills: 280 monsters ( 2000 points) Major goal: killed Vlad the Impaler ( 2500 points) Survival: died (score multiplied by 3) Total score: 27630 Latest messages: The elf-lord hacks you! The elf-lord swings his runed broadsword at the wizard. The elf-lord slashes you! The invisible stalker claws the leocrotta. The green slime eats an umber hulk corpse. The vampire lord scratches the invisible stalker. The vampire lord bites the invisible stalker. The Olog-hai thrusts a pronged polearm. You are almost hit by a pronged polearm. The ancient black dragon breathes a disintegration blast! The blast of disintegration whizzes by you! The elf-lord's shield is disintegrated! The vampire lord is disintegrated! The ancient black dragon strikes at your displaced image and misses you! (3x) You cannot draw healing from these surroundings. The black dragon strikes at your displaced image and misses you! (3x) The elf-lord swings his runed broadsword at the wizard. The elf-lord hacks you! The elf-lord swings his runed broadsword at the wizard. The elf-lord slashes you! You die... Final status: Goodbye Thistle the Wizard, killed by an elf-lord, while frozen by potion vapours... You died in Gehennom on dungeon level 48 with 27630 points, and 0 pieces of gold, after 54328 moves. You were level 14 with a maximum of 106 hit points when you died.